 Dungeon Crawl Stone Soup version 0.28-a0-872-g80cf8599ee (webtiles) character file.

Game seed: 10770340418944909457

19870 tatocazan the Carver (level 12, -9/108 HPs)
             Began as a Minotaur Fighter on Nov 20, 2021.
             Was the Champion of Okawaru.
             Mangled by an orc knight (20 damage)
             ... on level 11 of the Dungeon.
             The game lasted 00:13:09 (8665 turns).

tatocazan the Carver (Minotaur Fighter)             Turns: 8665, Time: 00:13:10

Health: -9/108     AC: 17    Str: 26    XL:     12   Next: 40%
Magic:  17/17      EV: 16    Int:  5    God:    Okawaru [******]
Gold:   708        SH:  6    Dex: 16    Spells: 11/11 levels left

rFire   . . .      SeeInvis .   J - +9 sword of Zonguldrok {reap}
rCold   + . .      Faith    .   c - +0 buckler
rNeg    . . .      Spirit   .   u - +2 swamp dragon scales
rPois   +          Reflect  .   (helmet restricted)
rElec   +          Harm     .   m - +2 cloak {rPois}
rCorr   .          Rampage  .   (no gloves)
Will    .....                   r - +0 pair of boots
Stlth   +.........              i - amulet of regeneration
HPRegen 1.28/turn               z - ring "Ocro" {+Blink rElec rC+ Str+2 Dex+4}
MPRegen 0.15/turn               O - +4 ring of slaying

@: studying Armour
A: horns 2, retaliatory headbutt
a: Renounce Religion, Evoke Blink, Heroism, Finesse, Duel


You were on level 11 of the Dungeon.
You worshipped Okawaru.
Okawaru was exalted by your worship.
You visited 2 branches of the dungeon, and saw 12 of its levels.

You collected 708 gold pieces.

Inventory:

Hand Weapons
 o - a +0 vorpal scimitar
 t - a +3 vorpal scimitar
 J - the +9 sword of Zonguldrok (weapon) {reap}
   (Okawaru gifted it to you on level 11 of the Dungeon)

   Any living foe damaged by it may be reanimated upon death as a zombie
   friendly to the wielder, with an increasing chance as more damage is dealt.
Missiles
 q - a throwing net (quivered)
 D - 5 silver javelins
Armour
 c - a +0 buckler (worn)
 j - a +0 plate armour
 m - a +2 cloak of poison resistance (worn)
 r - a +0 pair of boots (worn)
 u - +2 swamp dragon scales (worn)
 M - a scarf of repulsion
Jewellery
 a - a +4 ring of evasion
 i - an amulet of regeneration (around neck)
 p - a ring of protection from cold
 z - the ring "Ocro" (left hand) {+Blink rElec rC+ Str+2 Dex+4}
   (You found it on level 7 of the Dungeon)

   [ring of protection from cold]

   Str:       It affects your strength (+2).
   Dex:       It affects your dexterity (+4).
   rC:        It protects you from cold.
   rElec:     It insulates you from electricity.
   +Blink:    It lets you blink.
 B - a +6 ring of strength
 O - a +4 ring of slaying (right hand)
 Q - the amulet "Ceechos" {Spirit rC+}
   (You took it off a deep elf pyromancer on level 11 of the Dungeon)

   [amulet of guardian spirit]

   It causes incoming damage to be divided between your reserves of health and
   magic.
   rC:        It protects you from cold.
Wands
 x - a wand of digging (10)
 C - a wand of iceblast (12)
 G - a wand of polymorph (5)
 K - a wand of paralysis (25)
Scrolls
 b - 6 scrolls of identify
 e - 5 scrolls of teleportation
 g - a scroll of amnesia
 w - a scroll of noise
 y - a scroll of magic mapping
 A - a scroll of enchant weapon
 E - a scroll of holy word
 F - a scroll of brand weapon
 H - a scroll of fog
Potions
 d - a potion of curing
 f - 4 potions of heal wounds {unknown}
 h - 2 potions of invisibility {unknown}
 k - 3 potions of resistance
 l - 4 potions of haste
 n - 4 potions of attraction {unknown}
 s - a potion of cancellation {unknown}
 v - a potion of degeneration {unknown}
 I - a potion of flight {unknown}
 L - 2 potions of might
 N - a potion of ambrosia {unknown}
 P - a potion of mutation {unknown}


   Skills:
 + Level 10.7 Fighting
 * Level 13.6 Long Blades
 + Level 11.9 Armour
 + Level 9.7 Dodging
 - Level 5.7 Shields
 * Level 8.5 Invocations


You had 11 spell levels left.
You didn't know any spells.
Your spell library contained the following spells:

 Spells                   Type           Power      Damage    Failure   Level
 Foxfire                  Conj/Fire      0%         2x1d4     58%         1
 Freeze                   Ice            0%         1d3       58%         1
 Corpse Rot               Necr/Air       0%         N/A       73%         2
 Passwall                 Tmut/Erth      0%         N/A       73%         2
 Poisonous Vapours        Pois/Air       0%         N/A       73%         2
 Dazzling Flash           Conj/Hex       0%         N/A       91%         3
 Frozen Ramparts          Ice            0%         1d2       91%         3
 Portal Projectile        Hex/Tloc       0%         N/A       91%         3
 Swiftness                Air            0%         N/A       91%         3
 Fulminant Prism          Conj/Hex       0%         3d6       100%        4
 Hailstorm                Conj/Ice       0%         3d3       100%        4
 Iskenderun's Mystic Bla  Conj/Tloc      0%         2d3       100%        4
 Leda's Liquefaction      Hex/Erth       0%         N/A       100%        4
 Agony                    Necr           0%         N/A       100%        5
 Fireball                 Conj/Fire      0%         3d3       100%        5
 Lee's Rapid Deconstruct  Erth           0%         3d5*      100%        5
 Silence                  Hex/Air        0%         N/A       100%        5
 Call Canine Familiar     Summ           Unusable   N/A       N/A         3
 Simulacrum               Ice/Necr       Unusable   N/A       N/A         6

Dungeon Overview and Level Annotations

Branches:
Dungeon (11/15)            Temple (1/1) D:7            Lair (0/6) D:10
    Orc: D:9-12

Altars:
Ashenzari
Cheibriados
Dithmenos
Elyvilon
Fedhas
Gozag
Hepliaklqana
Kikubaaqudgha
Makhleb
Nemelex Xobeh
Okawaru
Qazlal
Ru
Sif Muna
Trog
Uskayaw
Vehumet
Wu Jian
Xom
Yredelemnul
Zin
The Shining One

Shops:
D:1 :

Portals:
Trove: D:10 (give 17 scrolls of teleportation)

Annotations:
D:3 1 runed translucent door, ryw's ghost, amateur DsMo
D:4 1 runed translucent door, Crazy Yiuf


Innate Abilities, Weirdness & Mutations

You have a pair of horns on your head.
You reflexively headbutt those who attack you in melee.


Message History

You take 26 damage, and have 49/108 hp.
MASSIVE DAMAGE!!
You hit the deep elf pyromancer.
The deep elf pyromancer is lightly wounded.
The deep elf pyromancer closely misses you.
You furiously retaliate!
You headbutt the deep elf pyromancer!
The orc knight hits you with a +0 great sword!
You take 8 damage, and have 42/108 hp.
You slice the deep elf pyromancer!!
Your headbutt misses the deep elf pyromancer.
The deep elf pyromancer is severely wounded.
The deep elf pyromancer completely misses you.
You furiously retaliate!
You headbutt the deep elf pyromancer!
You kill the deep elf pyromancer!
Okawaru is honoured by your kill.
Found a short sword.
The orc knight hits you with a +0 great sword.
The basilisk gazes at you. You resist with some effort.
Things that are here:
a +0 war axe of distortion; the +0 leather armour of Qazlal's Anger {rN++ Int+3}; an elf corpse You take 4 damage, and have 39/108 hp.
You slice the basilisk!! Your headbutt misses the basilisk.
The basilisk is heavily wounded.
The orc knight hits you with a +0 great sword!!
* * * LOW HITPOINT WARNING * * *
The basilisk barely misses you.
You take 18 damage, and have 21/108 hp.
You slash the basilisk!
You headbutt the basilisk, but do no damage.
The basilisk is almost dead.
The orc knight hits you with a +0 great sword!
* * * LOW HITPOINT WARNING * * *
You take 11 damage, and have 10/108 hp.
Okay, then.
Okay, then.
You slash the basilisk!
You kill the basilisk!
Okawaru accepts your kill.
The orc knight hits you with a +0 great sword!!
You die...

#...)†.#..##[##..#.#...##.##.....
#.#####.##..#..##.#.#.#.#.##.....
#)†...#.##..#..##.#..#..#.##.....
###.####..##.##..####.###..#.....
#.....###. #.# .###.[...##..###≈≈
..#.#..###.. .###.)###..##..#≈≈≈
.##.##..#### ####†.## ...##.≈≈≈≈
#.....#..# #.o## ...#.≈≈≈≈
#.....##.# #@## ..##.#≈≈≈
......[..# #...## ###.##≈≈
#.....##.#..)[[# #...D.
#.....#..#.#... #.....
.##.##..####### ##.....
..#.#..####.#.### ##...###
#.....###.#.#.#.# ##....#
###.#####.#.#.#.#########....##
#.##..#.#.#.#.#.#.#..#..#.####


You could see an orc knight.

Vanquished Creatures
  Erolcha (D:10)
  2 boulder beetles (D:11)
  A centaur warrior (D:11)
  6 two-headed ogres
  A skeletal warrior (D:11)
  2 deep elf pyromancers (D:11)
  2 cyclopes (D:11)
  A manticore (D:11)
  3 centaur zombies (D:11)
  Maggie (D:6)
  An unseen horror (D:11)
  4 trolls
  A slime creature (D:11)
  A meliai zombie (D:11)
  2 wyverns (D:10)
  5 yaks (D:11)
  2 shadows (D:11)
  3 wraiths (D:11)
  A vampire (D:7)
  3 basilisks
  4 vampire mosquitoes (D:11)
  A basilisk (shapeshifter) (D:11)
  A steam dragon (D:8)
  7 water moccasins
  4 orc warriors
  2 sky beasts
  5 black bears
  3 wolves (D:10)
  A hornet zombie (D:7)
  2 necrophages (D:5)
  2 centaurs (D:11)
  An ogre (D:6)
  A kobold brigand (D:11)
  Blork the orc (D:4)
  5 bullfrogs
  2 scorpions
  A wyvern zombie (D:7)
  A water moccasin skeleton (D:5)
  14 killer bees
  16 wights
  2 electric eels (D:11)
  5 howler monkeys
  3 jellies
  A hound (D:5)
  A gnoll shaman (D:6)
  7 orc priests
  3 centaur skeletons
  15 orc wizards
  A killer bee zombie (D:9)
  A hound skeleton (D:3)
  3 howler monkey zombies
  8 gnolls
  4 adders
  A howler monkey skeleton (D:6)
  A shadow imp (D:7)
  2 white imps
  An ufetubus (D:5)
  2 worms
  4 dart slugs
  28 orcs
  11 endoplasms
  4 giant cockroaches
  2 goblins
  6 hobgoblins
  5 kobolds
  3 quokkas
  5 ball pythons
  9 bats
  3 frilled lizards
  7 rats
265 creatures vanquished.

Vanquished Creatures (others)
  10 plants (D:10)
10 creatures vanquished.

Grand Total: 275 creatures vanquished

Notes
Turn   | Place    | Note
-------+----------+-------------------------------------------
     0 | D:1      | tatocazan the Minotaur Fighter began the quest for the Orb.
     0 | D:1      | Reached XP level 1. HP: 19/19 MP: 0/0
    51 | D:1      | Found Zaori's Book Shoppe.
   158 | D:1      | Found a faded altar of an unknown god.
   229 | D:1      | Reached XP level 2. HP: 26/27 MP: 1/1
   622 | D:1      | Reached skill level 3 in Long Blades
   720 | D:2      | Reached XP level 3. HP: 33/33 MP: 2/2
   772 | D:2      | Noticed a black bear
   805 | D:2      | Killed a black bear
   806 | D:2      | Reached XP level 4. HP: 31/41 MP: 3/3
   881 | D:2      | Reached XP level 5. HP: 47/47 MP: 4/4
  1577 | D:3      | Reached skill level 4 in Long Blades
  1599 | D:3      | Reached skill level 5 in Armour
  1603 | D:3      | Reached skill level 5 in Fighting
  1616 | D:3      | Found a runed translucent door.
  1766 | D:3      | Reached skill level 5 in Shields
  2134 | D:3      | Noticed ryw's ghost (amateur DsMo)
  2262 | D:4      | Reached XP level 6. HP: 56/56 MP: 5/5
  2358 | D:4      | Noticed Blork the orc
  2364 | D:4      | Killed Blork the orc
  2429 | D:4      | Identified the +5 dagger of Compound Interest {vorpal,
                  | Int+4}
  2552 | D:4      | Found a runed translucent door.
  2553 | D:4      | Noticed Crazy Yiuf
  2652 | D:5      | Entered Level 5 of the Dungeon
  2726 | D:5      | Reached skill level 5 in Long Blades
  2726 | D:5      | Reached XP level 7. HP: 58/62 MP: 6/6
  2760 | D:5      | Reached skill level 1 in Dodging
  2991 | D:5      | Found an ancient bone altar of Kikubaaqudgha.
  3100 | D:5      | Reached skill level 6 in Long Blades
  3389 | D:5      | Reached XP level 8. HP: 69/71 MP: 7/7
  3588 | D:6      | Noticed Maggie
  3600 | D:6      | Killed Maggie
  3601 | D:6      | Reached skill level 7 in Long Blades
  3817 | D:6      | Reached skill level 5 in Dodging
  4109 | D:6      | Reached skill level 8 in Long Blades
  4253 | D:7      | Reached XP level 9. HP: 73/79 MP: 8/8
  4295 | D:7      | Identified the ring "Ocro" {+Blink rElec rC+ Str+2 Dex+4}
  4749 | D:7      | Reached skill level 9 in Long Blades
  5026 | D:7      | Found a staircase to the Ecumenical Temple.
  5099 | D:7      | Found an ornate altar of the Wu Jian Council.
  5148 | Temple   | Entered the Ecumenical Temple
  5254 | Temple   | Became a worshipper of Warmaster Okawaru
  5340 | D:7      | Found an opulent altar of Gozag.
  5451 | D:8      | Reached skill level 1 in Invocations
  5500 | D:8      | Noticed a two-headed ogre
  5506 | D:8      | Killed a two-headed ogre
  5506 | D:8      | Reached * piety under Okawaru
  5507 | D:8      | Reached XP level 10. HP: 88/88 MP: 10/10
  5684 | D:8      | Reached skill level 10 in Long Blades
  6171 | D:9      | Reached ** piety under Okawaru
  6189 | D:9      | Noticed a two-headed ogre
  6198 | D:9      | Killed a two-headed ogre
  6528 | D:10     | Entered Level 10 of the Dungeon
  6593 | D:10     | Found a staircase to the Lair.
  6598 | D:10     | Noticed Erolcha
  6600 | D:10     | Reached *** piety under Okawaru
  6611 | D:10     | Reached skill level 11 in Long Blades
  6633 | D:10     | Reached skill level 5 in Invocations
  6642 | D:10     | Killed Erolcha
  6642 | D:10     | Reached **** piety under Okawaru
  6643 | D:10     | Reached XP level 11. HP: 37/97 MP: 12/14
  6748 | D:10     | Noticed a two-headed ogre
  6758 | D:10     | Killed a two-headed ogre
  7013 | D:10     | Noticed a two-headed ogre
  7017 | D:10     | Killed a two-headed ogre
  7237 | D:10     | Found a portal to a secret trove of treasure.
  7288 | D:10     | Identified a scroll of acquirement
  7288 | D:10     | Acquired a manual of Armour
  7452 | D:10     | Reached ***** piety under Okawaru
  7473 | D:10     | Got the Handbook of the Arsonist and Cold
  7596 | D:11     | Found a glowing silver altar of Zin.
  7754 | D:11     | Noticed a boulder beetle
  7769 | D:11     | Killed a boulder beetle
  7770 | D:11     | Reached skill level 12 in Long Blades
  7776 | D:11     | Reached skill level 10 in Armour
  7844 | D:11     | Noticed a centaur warrior
  7854 | D:11     | Killed a centaur warrior
  7854 | D:11     | Received a gift from Okawaru
  7855 | D:11     | Found the +9 sword of Zonguldrok {reap}
  8117 | D:11     | Noticed a six-headed hydra
  8140 | D:11     | Reached skill level 10 in Fighting
  8414 | D:11     | Noticed a skeletal warrior
  8421 | D:11     | Killed a skeletal warrior
  8457 | D:11     | Noticed a two-headed ogre
  8462 | D:11     | Reached skill level 13 in Long Blades
  8462 | D:11     | Reached XP level 12. HP: 83/106 MP: 16/16
  8469 | D:11     | Killed a two-headed ogre
  8556 | D:11     | Noticed a two-headed ogre
  8563 | D:11     | Killed a two-headed ogre
  8570 | D:11     | Noticed a boulder beetle
  8591 | D:11     | Killed a boulder beetle
  8623 | D:11     | Identified the amulet "Ceechos" {Spirit rC+}
  8652 | D:11     | Identified the +0 leather armour of Qazlal's Anger {rN++
                  | Int+3}
  8653 | D:11     | Received a gift from Okawaru
  8661 | D:11     | Reached ****** piety under Okawaru
  8665 | D:11     | Mangled by an orc knight

Illustrated notes

Levels and vault maps discovered:
D:1:      mrwooster_arrival_statue, layout_basic, serial_shops, shop,
          shapermc_ecumenical_altar_flowoftime
D:2:      layout_rooms
D:3:      layout_loops_ring, ebering_ghost_inner_flame, nrook_mini_vaults
D:4:      layout_rooms, uniq_crazy_yiuf_cottage, uniq_blork_the_orc
D:5:      layout_basic, mainiacjoe_overflow_alcove_1
D:6:      layout_rooms, grunt_ministairs_13,
          minmay_a_box_with_orc_wizards_in_it, uniq_maggie
D:7:      layout_basic, amethyst_overflow_temple_binary,
          minmay_temple_entry_fiery, minmay_bent
D:8:      layout_loops_ring
D:9:      layout_cave_pools
D:10:     layout_loops_ring, minmay_lair_entry_grove, enter_trove_1,
          dk_noncrumbling_2, uniq_erolcha
D:11:     minmay_the_grid_octo_tiled_squarecenter [minmay_the_grid_octo_horde,
          minmay_the_grid_octo_checkerflower, minmay_the_grid_octo_77,
          minmay_the_grid_octo_teeth,
          minmay_the_grid_square_5x5_megaprize_crossed,
          minmay_the_grid_square_5x5_corner, minmay_the_grid_square_5x5_six,
          minmay_the_grid_square_5x5_shuriken, minmay_the_grid_square_5x5_mess],
          layout_basic, special_room [special_room_kobold], zin_statuary
Temple:   mainiacjoe_temple_bowtie_tessellation

Skill      XL: |  1  2  3  4  5  6  7  8  9 10 11 12 |
---------------+-------------------------------------+-----
Armour         | 4 5 6 7 8 9 11 | 11.9
Shields        | 4 5 |  5.7
Fighting       | 4 5 6 7 8 9 10 | 10.7
Long Blades    | 3 4 5 6 8 9 11 13 | 13.6
Dodging        | 3 5 7 8 9 |  9.7
Invocations    | 2 5 7 8 |  8.5

Action                   |  1- 3 |  4- 6 |  7- 9 | 10-12 || total
-------------------------+-------+-------+-------+-------++-------
Melee: Long sword        |    63 |   141 |       |       ||   204
       Headbutt          |     8 |    28 |    51 |    76 ||   163
       Scimitar          |       |     7 |   257 |   176 ||   440
       Double sword      |       |       |       |    94 ||    94
  Use: Potion            |     1 |       |       |       ||     1
       Scroll            |       |     3 |     5 |     6 ||    14
Armor: Scale mail        |    19 |       |       |       ||    19
       Plate armour      |    20 |   108 |    82 |       ||   210
       Swamp dragon scal |       |       |    62 |   142 ||   204
Dodge: Dodged            |    26 |    42 |   109 |   242 ||   419
Block: Buckler           |    10 |    30 |    58 |    94 ||   192

Table legend: (Time is in decaauts)
 A = Elapsed time spent in this place.
 B = Non-inter-level travel time spent in this place.
 C = Inter-level travel time spent in this place.
 D = Time resting spent in this place.
 E = Time spent auto-exploring this place.
 F = Levels seen in this place.
 G = Mean time per level.
                   A        B        C        D        E       F      G
               +--------+--------+--------+--------+--------+-----+--------+
         Total |   8682 |   8282 |    400 |    533 |   6069 |  12 |  723.5 |
       Dungeon |   8540 |   8153 |    387 |    533 |   5964 |  11 |  776.4 |
        Temple |    141 |    128 |     13 |      0 |    105 |   1 |  141.0 |
               +--------+--------+--------+--------+--------+-----+--------+

Top non-repeatable levels by time:
    D:11: 1072 daAuts
    D:10: 1036 daAuts
     D:7: 1024 daAuts
     D:1: 894 daAuts
     D:5: 814 daAuts
     D:3: 776 daAuts
     D:6: 743 daAuts
     D:8: 644 daAuts
     D:2: 537 daAuts
     D:9: 508 daAuts
     D:4: 488 daAuts
  Temple: 141 daAuts
